 Dungeon Crawl Stone Soup version 0.29-a0-998-g1987434951 (webtiles) character file.

Game seed: 2607795624472485418

3374 miket3c the Arsonist (level 10, -6/50 HPs)
             Began as a Tengu Fire Elementalist on Aug 5, 2022.
             Was an Initiate of Vehumet.
             Mangled by a six-headed hydra (8 damage)
             ... on level 7 of the Dungeon.
             The game lasted 00:20:51 (12027 turns).

miket3c the Arsonist (Tengu Fire Elementalist)     Turns: 12027, Time: 00:20:51

Health: -6/50      AC:  7    Str:  9    XL:     10   Next: 3%
Magic:  11/19      EV: 17    Int: 20    God:    Vehumet [......]
Gold:   348        SH:  0    Dex: 14    Spells: 13/19 levels left

rFire   . . .      SeeInvis .   n - +1 dagger (vorpal)
rCold   . . .      Faith    .   (no shield)
rNeg    . . .      Spirit   .   a - +1 robe
rPois   .          Reflect  .   (helmet restricted)
rElec   .          Harm     .   g - +2 cloak {rCorr}
rCorr   +          Rampage  .   e - +0 pair of gloves
Will    .....                   (boots unavailable)
Stlth   +++.......              q - amulet of regeneration
HPRegen 0.96/turn               (no ring)
MPRegen 0.16/turn               (no ring)

@: flying quickly and evasively, quick
A: beak, talons 3, nimble flight
a: Renounce Religion


You were on level 7 of the Dungeon.
You worshipped Vehumet.
Vehumet was noncommittal.
You visited 2 branches of the dungeon, and saw 8 of its levels.
You also visited: Sewer.

You collected 348 gold pieces.

Inventory:

Hand Weapons
 n - a +1 vorpal dagger (weapon)
Missiles
 b - 4 throwing nets
 d - 5 poisoned darts
 i - 6 boomerangs
 x - an atropa-tipped dart (quivered)
Armour
 a - a +1 robe (worn)
 e - a +0 pair of gloves (worn)
 g - a +2 cloak of preservation (worn)
Jewellery
 q - an amulet of regeneration (around neck)
 z - an amulet of guardian spirit
Scrolls
 f - 7 scrolls of teleportation
 k - 2 scrolls of magic mapping
 m - 5 scrolls of enchant armour
 p - 3 scrolls of immolation
 v - 2 scrolls of butterflies
Potions
 c - 3 potions of heal wounds
 h - 2 potions of lignification
 j - 3 potions of curing
 l - 2 potions of berserk rage {unknown}
 o - a potion of degeneration {unknown}
 r - 3 potions of cancellation
 s - 2 potions of mutation {unknown}
 t - 2 potions of resistance {unknown}
 u - 6 potions of haste
 w - 2 potions of brilliance {unknown}


   Skills:
 + Level 6.6 Dodging
 + Level 6.3 Stealth
 + Level 5.4 Spellcasting
 + Level 7.5 Conjurations
 * Level 9.5 Fire Magic


You had 13 spell levels left.
You knew the following spells:

 Your Spells              Type           Power      Damage    Failure   Level
a - Foxfire               Conj/Fire      100%       2x1d9     1%          1
b - Scorch                Fire           86%        2d9       1%          2
c - Conjure Flame         Conj/Fire      39%        6-21      1%          3

Your spell library contained the following spells:

 Spells                   Type           Power      Damage    Failure   Level
 Flame Wave               Conj/Fire      39%        2d11      3%          4
 Inner Flame              Hex/Fire       24%        N/A       4%          3
 Apportation              Tloc           10%        N/A       11%         1
 Necrotise                Necr           20%        1d5       11%         1
 Summon Small Mammal      Summ           20%        N/A       11%         1
 Ozocubu's Armour         Ice            5%         N/A       32%         3
 Ozocubu's Refrigeration  Ice            2%         4d8       100%        7


Dungeon Overview and Level Annotations

Branches:
Dungeon (7/15)             Temple (1/1) D:5           Sewer (visited)

Altars:
Cheibriados
Dithmenos
Elyvilon
Gozag
Hepliaklqana
Nemelex Xobeh
Okawaru
Qazlal
Sif Muna
Trog
Vehumet
Yredelemnul

Shops:
D:5 *


Innate Abilities, Weirdness & Mutations

You have a beak for a mouth.
You have claws for feet.
Your magical nature lets you fly swiftly and evasively.


Message History

Aim: a six-headed hydra (77% to hit, chance to blind on hit: 3%)
You throw an atropa-tipped dart.
The atropa-tipped dart hits the six-headed hydra.
The six-headed hydra resists.
Throw: 2 darts (atropa)
Press: ? - help, Q - select action, (/) - cycle Shift-Dir - straight line, f/p - six-headed hydra
Aim: a six-headed hydra (77% to hit, chance to blind on hit: 3%)
You throw an atropa-tipped dart.
The atropa-tipped dart hits the six-headed hydra.
The six-headed hydra resists.
Casting: Scorch (safe; 1% risk of failure)
Confirm with . or Enter, or press ? or * to list all spells.
Flames lash the six-headed hydra.
The six-headed hydra is lightly wounded.
The six-headed hydra's fire resistance burns away.
Casting: Scorch (safe; 1% risk of failure)
Confirm with . or Enter, or press ? or * to list all spells.
Flames lash the six-headed hydra.
The six-headed hydra is burned terribly!
The six-headed hydra is moderately wounded.
Casting: Scorch (safe; 1% risk of failure)
Confirm with . or Enter, or press ? or * to list all spells.
Flames lash the six-headed hydra.
The six-headed hydra is burned terribly!
The six-headed hydra is moderately wounded.
A phantom comes into view.
The six-headed hydra closely misses you.
The six-headed hydra bites you but does no damage.
The six-headed hydra bites you! The six-headed hydra bites you. x2
The six-headed hydra closely misses you.
Casting: Scorch (safe; 1% risk of failure)
Confirm with . or Enter, or press ? or * to list all spells.
Flames lash the six-headed hydra.
The six-headed hydra is burned terribly!
The six-headed hydra is heavily wounded.
The six-headed hydra closely misses you.
The six-headed hydra bites you. The six-headed hydra bites you! x2
* * * LOW HITPOINT WARNING * * *
The six-headed hydra bites you!
You die...

#..##...#. ....W.(.###
#..##.... ....(..'
...#..#####
...>...####.##......
...(......#.........
.#####....#.....##...###
..........#...(......'..
.......D.............#..
######@............##..
#.........)).......##..
####..............##+###..
#.................# #..
#............<....# #..
#....######≈§##'### #..
#...## ##≈##..' ### #####
#≈##..## #.. #≈##.## #.#


You could see a six-headed hydra (combustible) and a phantom.

Vanquished Creatures
  An ugly thing (D:7)
  Grinder (D:3)
  A shadow (D:6)
  2 steam dragons
  Eustachio (D:6)
  A water moccasin (D:6)
  Menkaure (D:5)
  2 ice beasts
  An orc warrior (D:6)
  2 black bears (D:6)
  A centaur (D:7)
  2 phantoms (D:5)
  Blork the orc (D:4)
  A gnoll sergeant (D:7)
  4 bullfrogs
  2 scorpions
  2 jellies
  3 hounds
  An orc priest (D:6)
  Crazy Yiuf (D:3)
  4 iguanas
  3 orc wizards
  11 gnolls
  11 adders
  4 river rats (Sewer)
  2 shadow imps (D:6)
  3 white imps
  2 ufetubi
  2 worms (D:2)
  3 dart slugs
  14 orcs
  6 ball pythons
  4 bats
  7 endoplasms
  8 giant cockroaches
  4 goblins
  3 hobgoblins
  12 jackals
  5 quokkas
  8 frilled lizards
  13 kobolds
  11 rats
171 creatures vanquished.

Vanquished Creatures (collateral kills)
  7 foxfires (Sewer)
7 creatures vanquished.

Vanquished Creatures (others)
  400 foxfires
  24 plants
424 creatures vanquished.

Grand Total: 602 creatures vanquished

Notes
Turn   | Place    | Note
-------+----------+-------------------------------------------
     0 | D:1      | miket3c the Tengu Fire Elementalist began the quest for the
                  | Orb.
     0 | D:1      | Reached XP level 1. HP: 10/10 MP: 4/4
   303 | D:1      | Reached XP level 2. HP: 15/15 MP: 4/6
   323 | D:1      | Found a faded altar of an unknown god.
  1237 | D:2      | Reached XP level 3. HP: 19/19 MP: 4/7
  1243 | D:2      | Learned a level 2 spell: Scorch
  1283 | D:2      | Reached skill level 4 in Fire Magic
  1601 | D:2      | Found a shadowy altar of Dithmenos.
  1750 | D:2      | Reached XP level 4. HP: 24/24 MP: 0/8
  2806 | D:2      | Learned a level 3 spell: Conjure Flame
  2989 | D:3      | Noticed Grinder
  3304 | D:3      | Gained mutation: Your magical nature lets you fly swiftly
                  | and evasively. [Tengu growth]
  3304 | D:3      | Reached XP level 5. HP: 28/28 MP: 6/9
  3429 | D:3      | Killed Grinder
  3430 | D:3      | Reached skill level 5 in Fire Magic
  3430 | D:3      | Reached XP level 6. HP: 32/32 MP: 1/11
  4119 | D:3      | Found an iron altar of Okawaru.
  4391 | D:3      | Found a runed translucent door.
  4392 | D:3      | Noticed Crazy Yiuf
  4845 | D:3      | Killed Crazy Yiuf
  4846 | D:3      | Reached XP level 7. HP: 33/36 MP: 0/12
  5139 | D:4      | Noticed Blork the orc
  5149 | D:4      | Killed Blork the orc
  5354 | D:4      | Found a glowing drain.
  5372 | Sewer    | Entered a sewer
  5501 | Sewer    | Reached skill level 6 in Fire Magic
  7492 | D:5      | Entered Level 5 of the Dungeon
  7811 | D:5      | Found Gozag's Platinum Reserve.
  7814 | D:5      | Found an opulent altar of Gozag.
  7824 | D:5      | Noticed Menkaure
  7834 | D:5      | Killed Menkaure
  7835 | D:5      | Reached XP level 8. HP: 41/41 MP: 9/14
  8107 | D:5      | Found a staircase to the Ecumenical Temple.
  8242 | D:5      | Reached skill level 5 in Conjurations
  8393 | D:5      | Found a shadowy altar of Dithmenos.
  8925 | D:6      | Reached skill level 7 in Fire Magic
  9056 | D:6      | Noticed Eustachio
  9067 | D:6      | Reached skill level 5 in Dodging
  9069 | D:6      | Killed Eustachio
  9070 | D:6      | Noticed a shadow
  9367 | D:6      | Killed a shadow
  9368 | D:6      | Reached skill level 5 in Stealth
  9662 | D:6      | Reached XP level 9. HP: 45/45 MP: 12/16
  9733 | D:6      | Reached skill level 8 in Fire Magic
 10706 | Temple   | Entered the Ecumenical Temple
 10718 | Temple   | Became a worshipper of Vehumet
 10860 | D:7      | Reached skill level 5 in Spellcasting
 11326 | D:7      | Reached skill level 9 in Fire Magic
 11601 | D:7      | Noticed a manticore
 11601 | D:7      | Noticed a brown ugly thing
 11602 | D:7      | Noticed a six-headed hydra
 11603 | D:7      | Noticed a gargoyle
 11604 | D:7      | Noticed a cyclops
 11610 | D:7      | Killed a brown ugly thing
 11777 | D:7      | Reached XP level 10. HP: 34/50 MP: 11/19
 12027 | D:7      | HP: 2/50 [six-headed hydra (15)]
 12027 | D:7      | Mangled by a six-headed hydra

Illustrated notes

Levels and vault maps discovered:
D:1:      sevenhm_arrival_forest_fort_small_6, layout_loops_ring,
          hellmonk_ecumenical_altar_dog_temple, serial_bayou,
          serial_bayou_shore_b, serial_bayou_shore_b, serial_bayou_pond_b,
          serial_bayou_pond_a
D:2:      cheibrodos_old_hovel, layout_basic, minmay_hexomino_r4
D:3:      layout_rooms, okawaru_ov_weapons_minmay,
          chequers_serial_rivers_micro_b, uniq_crazy_yiuf_cottage, uniq_grinder
D:4:      layout_layer_cave, cheibrodos_sewer_entry_drain, uniq_blork_the_orc
D:5:      layout_basic, nicolae_dithmenos_the_darkroom,
          nicolae_gozag_zags_fifth_avenue, minmay_temple_entry_from_below_a,
          uniq_menkaure
D:6:      layout_rooms, uniq_eustachio
D:7:      minmay_the_grid_octo_2x2 [minmay_the_grid_octo_empty,
          minmay_the_grid_octo_chip, minmay_the_grid_octo_concentric,
          minmay_the_grid_octo_prize_ultimate_mussel_roller], layout_basic,
          nicolae_overflow_crystal_walls, kennysheep_mini,
          lightli_temple_of_fire, gammafunk_ghost_smash, nicolae_titane
Temple:   nicolae_temple_x_marks_the_god

Skill      XL: |  1  2  3  4  5  6  7  8  9 |
---------------+----------------------------+-----
Conjurations   | 2 3 4 5 7 |  7.5
Fire Magic     | 4 5 6 7 9 |  9.5
Dodging        | 3 4 5 6 |  6.6
Stealth        | 3 4 5 6 |  6.3
Spellcasting   | 3 4 5 |  5.4

Action                   |  1- 3 |  4- 6 |  7- 9 | 10-12 || total
-------------------------+-------+-------+-------+-------++-------
Melee: Unarmed           |     9 |       |       |       ||     9
       Kick              |     5 |     2 |    28 |       ||    35
       Peck              |     1 |       |    14 |       ||    15
       Dagger            |       |     9 |    47 |       ||    56
       Punch             |       |       |     3 |       ||     3
Throw: Dart              |       |       |       |     4 ||     4
 Cast: Foxfire           |    49 |    61 |   130 |       ||   240
       Scorch            |     2 |    17 |    78 |     8 ||   105
       Conjure Flame     |       |       |     3 |       ||     3
Evoke: Wand              |       |       |     5 |       ||     5
  Use: Scroll            |       |     9 |     5 |       ||    14
       Potion            |       |     2 |     1 |       ||     3
Armor: Robe              |    12 |     6 |    34 |     1 ||    53
Dodge: Dodged            |    28 |    23 |    93 |     7 ||   151

Table legend: (Time is in decaauts)
 A = Elapsed time spent in this place.
 B = Non-inter-level travel time spent in this place.
 C = Inter-level travel time spent in this place.
 D = Time resting spent in this place.
 E = Time spent auto-exploring this place.
 F = Levels seen in this place.
 G = Mean time per level.
                   A        B        C        D        E       F      G
               +--------+--------+--------+--------+--------+-----+--------+
         Total |  11680 |  11309 |    371 |   4779 |   4923 |   9 | 1297.8 |
       Dungeon |  10313 |   9950 |    363 |   4243 |   4508 |   7 | 1473.3 |
        Temple |     20 |     12 |      8 |      0 |      2 |   1 |   20.0 |
         Sewer |   1346 |   1346 |      0 |    536 |    412 |   1 | 1346.0 |
               +--------+--------+--------+--------+--------+-----+--------+

Top non-repeatable levels by time:
     D:2: 2328 daAuts
     D:6: 1952 daAuts
     D:5: 1715 daAuts
     D:3: 1425 daAuts
   Sewer: 1346 daAuts
     D:1: 1183 daAuts
     D:4: 1021 daAuts
     D:7: 687 daAuts
  Temple: 20 daAuts
